[Event "ICC tourney 3063 (30 10)"]
[Site "Internet Chess Club"]
[Date "2022.11.19"]
[Round "5"]
[White "RASULOV, VUGAR:Vugar-Rasulov"]
[Black "Volkov, Sergey:Volkov"]
[Result "1/2-1/2"]
[ICCResult "Game drawn by mutual agreement"]
[WhiteElo "2575"]
[BlackElo "2525"]
[Opening "QGD Slav defense"]
[ECO "D10"]
[NIC "SL.01"]
[Time "20:00:06"]
[PlyCount "120"]
[TimeControl "1800+10"]

1. d4 d5 2. c4 c6 3. Nc3 Nf6 4. e3 a6 5. Qc2 g6 6. Bd3 Bg7 7. Nf3 O-O 8. O-O
Bg4 9. Ne5 Be6 10. Bd2 dxc4 11. Bxc4 Bxc4 12. Nxc4 Nbd7 13. b4 Nd5 14. Ne4
e5 15. dxe5 Nxe5 16. Rad1 Qh4 17. Nxe5 Bxe5 18. h3 Rfe8 19. Nc5 Re7 20. Nxb7
Nxe3 21. Bxe3 Rxb7 22. a3 Qf6 23. Rd3 a5 24. bxa5 Rxa5 25. Rfd1 Ra8 26. Bc5
h5 27. Bb4 h4 28. Rf3 Qe6 29. Re3 Qf6 30. Rde1 Rb5 31. Re4 Rd5 32. Qe2 Bd6
33. Qg4 c5 34. Re8+ Rxe8 35. Rxe8+ Kg7 36. Be1 Rd3 37. a4 Ra3 38. Kf1 Ra1
39. Qc4 Qd4 40. Re4 Qxc4+ 41. Rxc4 g5 42. Ke2 Kg6 43. Bd2 Kf5 44. Kd3 Ra3+
45. Bc3 Ke6 46. Kc2 Ra2+ 47. Kb3 Rxf2 48. a5 Kd5 49. a6 Bb8 50. Rg4 f6 51.
Ka4 Kc6 52. Re4 Ra2+ 53. Kb3 Rxa6 54. Re6+ Kb5 55. Rxa6 c4+ 56. Ka3 Kxa6 57.
Kb4 f5 58. Kxc4 g4 59. Kd3 gxh3 60. gxh3 Bg3 {Game drawn by mutual
agreement} 1/2-1/2

[Event "ICC tourney 3063 (30 10)"]
[Site "Internet Chess Club"]
[Date "2022.11.19"]
[Round "5"]
[White "YAN, RUIYANG:jy2020"]
[Black "YAN, BENJAMIN:i2good4u734"]
[Result "0-1"]
[ICCResult "White checkmated"]
[WhiteElo "2227"]
[BlackElo "1992"]
[Opening "Ruy Lopez: Berlin defense"]
[ECO "C65"]
[NIC "RL.07"]
[Time "20:00:41"]
[PlyCount "122"]
[TimeControl "1800+10"]

1. e4 e5 2. Nf3 Nc6 3. Bb5 Nf6 4. d3 Bc5 5. c3 d5 6. Qe2 O-O 7. O-O dxe4 8.
dxe4 Qe7 9. h3 a5 10. a4 Nb8 11. Bg5 h6 12. Bh4 b6 13. Nbd2 Bb7 14. Nh2 Qe6
15. Bc4 Qc6 16. Bb5 Qe6 17. Bxf6 Qxf6 18. Ng4 Qf4 19. Ne3 c6 20. Bc4 g6 21.
g3 Qg5 22. Nf3 Qe7 23. Ng4 Kg7 24. Ngxe5 Nd7 25. Nd3 Rfe8 26. e5 Rad8 27.
Rfe1 Nf8 28. Nxc5 Qxc5 29. Nd4 Bc8 30. Kh2 Ne6 31. Bxe6 Bxe6 32. Qf3 Qd5 33.
Qf6+ Kg8 34. Rad1 Rc8 35. Nf5 Bxf5 36. Rxd5 cxd5 37. Qxb6 Rb8 38. Qd4 Rxb2
39. g4 Be6 40. Kg3 Rc8 41. Re3 Rc4 42. Qd1 Ra2 43. Rd3 Rcxa4 44. Rd4 R4a3
45. Qc1 Kg7 46. f4 Rb3 47. Rd2 Raa3 48. Rd3 d4 49. f5 gxf5 50. gxf5 Bxf5 51.
Qf4 Bxd3 52. Qf6+ Kg8 53. e6 Bg6 54. Qd8+ Kh7 55. e7 Rxc3+ 56. Kf4 f6 57.
e8=Q Rf3+ 58. Kg4 Rg3+ 59. Kh4 Rxh3+ 60. Kg4 h5+ 61. Kf4 Rhf3#
{White checkmated}
0-1

[Event "ICC tourney 3063 (30 10)"]
[Site "Internet Chess Club"]
[Date "2022.11.19"]
[Round "5"]
[White "TAO, SIHAN:K06-16931716"]
[Black "IVANOV, ALEXANDER:marble"]
[Result "1/2-1/2"]
[ICCResult "Game drawn because neither player has mating material"]
[WhiteElo "1901"]
[BlackElo "2362"]
[Opening "Robatsch defense: two knights, Suttles variation"]
[ECO "B06"]
[NIC "KF.05"]
[Time "20:00:09"]
[PlyCount "303"]
[TimeControl "1800+10"]

1. e4 g6 2. d4 Bg7 3. Nc3 c6 4. Nf3 d6 5. Be3 Qb6 6. Rb1 Qc7 7. a4 Nf6 8.
Bc4 O-O 9. O-O Nxe4 10. Nxe4 d5 11. Bxd5 cxd5 12. Nc3 Qd8 13. Qd2 Nc6 14.
Bh6 Bxh6 15. Qxh6 f6 16. Rfe1 Bf5 17. Rbc1 Rf7 18. Qd2 Bg4 19. Qf4 h5 20. h3
e5 21. Qg3 Bxf3 22. Qxf3 e4 23. Qe3 f5 24. f4 h4 25. Ne2 Nb4 26. Red1 Rc8
27. c3 Nd3 28. Rxd3 exd3 29. Qxd3 Qe7 30. Kf2 Qe4 31. Rd1 Re7 32. Rd2 Rce8
33. Qxe4 Rxe4 34. Rc2 Kg7 35. Rd2 Kf6 36. Rc2 R8e6 37. Rd2 Ra6 38. b3 Rc6
39. Rc2 a6 40. b4 Rc4 41. Rb2 a5 42. Kf3 axb4 43. Rxb4 Rxb4 44. cxb4 b6 45.
Nc3 Rxd4 46. Ke3 Rc4 47. Nxd5+ Ke6 48. Nxb6 Rxb4 49. a5 Kd6 50. Kf3 Kc6 51.
Nc8 Rb7 52. Nb6 Kb5 53. g3 Kxa5 54. Nc4+ Kb4 55. Ne5 Rh7 56. Nxg6 hxg3 57.
h4 Kc4 58. Kxg3 Kd4 59. Kf3 Ra7 60. h5 Rh7 61. Ne5 Rxh5 62. Nc6+ Kd5 63.
Ne7+ Ke6 64. Ng6 Rh3+ 65. Kg2 Ra3 66. Nh4 Rc3 67. Kh2 Kf6 68. Kg2 Rb3 69.
Kh2 Rb5 70. Kg3 Kg7 71. Ng2 Kg6 72. Ne3 Rb3 73. Kf2 Ra3 74. Kf3 Ra8 75. Kf2
Rf8 76. Kf3 Kh5 77. Kf2 Kg6 78. Kg3 Kf6 79. Kf3 Ke6 80. Nf1 Kd5 81. Ng3 Kd4
82. Kf2 Kd3 83. Kf3 Kd2 84. Kf2 Rf7 85. Kf3 Kc3 86. Ke3 Kc4 87. Kf3 Kd5 88.
Kf2 Ke6 89. Nf1 Rh7 90. Ng3 Ra7 91. Kf3 Ra3+ 92. Kf2 Rc3 93. Kg2 Rc5 94. Kf3
Rd5 95. Kf2 Rd3 96. Kg2 Ra3 97. Kf2 Kd5 98. Kg2 Kd4 99. Kf2 Rb3 100. Nxf5+
Ke4 101. Ng3+ Kxf4 102. Ne2+ Kg4 103. Nd4 Rd3 104. Ne2 Kf5 105. Ng3+ Kg4
106. Ne2 Ra3 107. Nd4 Kf4 108. Ne2+ Ke4 109. Ng3+ Kd4 110. Ne2+ Kd3 111. Ng3
Kd2 112. Ne4+ Kd1 113. Ng3 Rb3 114. Ne4 Rh3 115. Ng3 Kd2 116. Ne4+ Kd3 117.
Ng3 Rh8 118. Kf3 Rf8+ 119. Kg4 Ke3 120. Nf5+ Ke4 121. Ng3+ Ke5 122. Ne2 Rf2
123. Ng3 Rf4+ 124. Kg5 Ra4 125. Ne2 Ra8 126. Kg4 Rf8 127. Ng3 Kd4 128. Nf5+
Ke4 129. Ng3+ Ke5 130. Ne2 Rf2 131. Ng3 Rf7 132. Ne2 Rf1 133. Ng3 Rf2 134.
Nh5 Rh2 135. Ng3 Rh8 136. Ne2 Rf8 137. Ng3 Kd4 138. Nf5+ Ke4 139. Ng3+ Ke5
140. Ne2 Rf2 141. Ng3 Kd5 142. Nf5 Ke5 143. Ng3 Rc2 144. Kf3 Rc3+ 145. Kg4
Re3 146. Nh5 Re4+ 147. Kf3 Rh4 148. Ng3 Ra4 149. Ne2 Ra3+ 150. Kg4 Re3 151.
Ng3 Rxg3+ 152. Kxg3 {Game drawn because neither player has mating material}
1/2-1/2